 Dungeon Crawl Stone Soup version 0.27-a0-887-gcab673c142 (webtiles) character file.

Game seed: 5749333878218639779

7358 mhtbhm the Cleaver (level 10, 0/138 HPs)
             Began as a Minotaur Berserker on Apr 3, 2021.
             Was a High Priest of Trog.
             Slain by a blink frog (3 damage)
             ... while petrified by a basilisk
             ... on level 1 of the Lair of Beasts.
             The game lasted 00:11:22 (11837 turns).

mhtbhm the Cleaver (Minotaur Berserker)            Turns: 11837, Time: 00:11:22

Health: 0/138      AC: 11    Str: 31    XL:     10   Next: 91%
Magic:  9/9        EV:  2    Int:  4    God:    Trog [*****.]
Gold:   686        SH:  0    Dex: 10    Spells: 9/9 levels left

rFire    . . .     SeeInvis .   a - +0 war axe (flame)
rCold    . . .     Faith    .   (no shield)
rNeg     + + +     Spirit   .   b - +0 scale mail
rPois    ∞         Reflect  .   j - +0 hat
rElec    .         Harm     .   w - +2 cloak
rCorr    .         Rampage  .   (no gloves)
Will     .....                  (no boots)
Stlth    ..........             (no amulet)
HPRegen  0.33/turn              f - ring of positive energy
MPRegen  0.11/turn              q - +6 ring of strength

@: berserking (expiring), petrified
A: horns 2, retaliatory headbutt
a: Renounce Religion, Berserk, Trog's Hand, Brothers in Arms


You were on level 1 of the Lair of Beasts.
You worshipped Trog.
Trog was extremely pleased with you.
You visited 2 branches of the dungeon, and saw 10 of its levels.

You collected 686 gold pieces.

Inventory:

Hand Weapons
 a - a +0 war axe of flaming (weapon)
Missiles
 l - 3 atropa-tipped darts
 y - 54 poisoned darts (quivered)
 z - 2 throwing nets
Armour
 b - a +0 scale mail (worn)
 j - a +0 hat (worn)
 w - a +2 cloak (worn)
Jewellery
 f - a ring of positive energy (left hand)
 h - a ring of protection from fire
 p - a ring of protection from fire
 q - a +6 ring of strength (right hand)
 s - a ring of ice
Wands
 r - a wand of random effects (13)
 u - a wand of charming (11)
 D - a wand of polymorph (10)
 F - a wand of mindburst (16)
Scrolls
 d - a scroll of vulnerability
 k - a scroll of fog
 o - a scroll of fear
 t - a scroll of enchant armour
 v - a scroll of blinking
 x - 2 scrolls of magic mapping
 B - a scroll of enchant weapon {unknown}
 C - a scroll of torment {unknown}
 E - 2 scrolls of immolation {unknown}
 H - a scroll of noise {unknown}
 I - a scroll of amnesia {unknown}
Potions
 c - 4 potions of curing
 e - a potion of invisibility
 g - 2 potions of heal wounds {unknown}
 i - 3 potions of haste {unknown}
 m - a potion of might
 n - 2 potions of attraction {unknown}
 A - a potion of brilliance {unknown}
 J - a potion of cancellation {unknown}


   Skills:
 + Level 9.7 Fighting
 + Level 13.9 Axes
 + Level 0.1 Throwing
 + Level 7.0 Armour
 + Level 7.0 Dodging
 + Level 3.9 Stealth


You had 9 spell levels left.
You didn't know any spells.
Your spell library was empty.

Dungeon Overview and Level Annotations

Branches:
Dungeon (9/15)             Temple (0/1) D:5            Lair (1/6) D:9
    Orc: D:9-12

Altars:
Cheibriados
Dithmenos
Hepliaklqana
Okawaru
Qazlal
Sif Muna
Trog
Uskayaw
Vehumet
Yredelemnul
Zin
The Shining One
Beogh

Shops:
D:2 :


Innate Abilities, Weirdness & Mutations

You have a pair of horns on your head.
You reflexively headbutt those who attack you in melee.


Message History

You kill the basilisk!
Trog accepts your kill.
Your limbs are stiffening.
Your Armour skill increases to level 7!
Your Dodging skill increases to level 7!
Unknown command.
You slash the blink frog! You burn the blink frog.
You feel the power of Trog in you as your rage grows.
You kill the blink frog!
Trog accepts your kill.
The blink frog blinks!
Unknown command.
You are too injured to fight recklessly!
You are too injured to fight recklessly!
Unknown command.
The blink frog closely misses you. The blink frog hits you.
* * * LOW HITPOINT WARNING * * *
You have turned to stone.
The blink frog hits you.
* * * LOW HITPOINT WARNING * * *
The blink frog hits you!
* * * LOW HITPOINT WARNING * * *
A komodo dragon comes into view.
The blink frog blinks!
The sentinel's mark upon you fades away.
The blink frog blinks!
The blink frog hits you but does no damage. x2
The blink frog blinks!
The blink frog hits you.
* * * LOW HITPOINT WARNING * * *
The blink frog hits you!
* * * LOW HITPOINT WARNING * * *
The blink frog hits you!
* * * LOW HITPOINT WARNING * * *
The blink frog hits you but does no damage.
The blink frog blinks! x2; The blink frog hits you!
* * * LOW HITPOINT WARNING * * *
The blink frog blinks!
The blink frog hits you!
* * * LOW HITPOINT WARNING * * *
The blink frog hits you.
You die...

#..########.....#
#.####...........
#.###.........#.# ..
#.##....P....##..
....####.##..P......#
.. +!....##...÷<....#
.. ####.^##......P..#
.. #.FF##.........#
.. ##@..##.......##
.. #.§.####.....##
##.§.# ####### ##..l#
###..F .F.§. §....
.... ...


You could see a komodo dragon and 4 blink frogs.

Vanquished Creatures
  2 two-headed ogres
  A cane toad (Lair:1)
  A troll (D:8)
  A blink frog (Lair:1)
  A ynoxinul (D:8)
  3 yaks (D:9)
  A steam dragon (D:6)
  A basilisk (Lair:1)
  5 water moccasins
  An ice beast (D:7)
  2 sky beasts (D:5)
  A black bear (D:5)
  A hornet zombie (D:7)
  5 orc warriors
  3 necrophages
  An ogre (D:6)
  A centaur (D:9)
  2 kobold brigands
  3 bullfrogs
  2 wyvern zombies (D:7)
  2 gnoll sergeants (D:7)
  A scorpion (D:4)
  8 killer bees (D:8)
  9 wights
  A howler monkey (D:9)
  3 centaur zombies (D:7)
  A crimson imp (D:3)
  A bullfrog zombie (D:7)
  A bullfrog skeleton (D:7)
  A gnoll shaman (D:8)
  A jelly (D:5)
  5 orc priests
  Jessica (D:3)
  5 iguanas
  Terence (D:3)
  10 orc wizards
  A killer bee zombie (D:7)
  A hound zombie (D:5)
  A howler monkey zombie (D:7)
  14 gnolls
  12 adders
  An adder skeleton (D:4)
  A worm (D:2)
  8 dart slugs
  46 orcs
  5 endoplasms
  5 giant cockroaches
  9 hobgoblins
  3 jackals (D:2)
  A quokka (D:3)
  11 ball pythons
  4 bats
  2 frilled lizards
  6 goblins
  2 goblin zombies (D:3)
  2 hobgoblin zombies (D:3)
  9 kobolds
  2 kobold skeletons (D:3)
  2 kobold zombies (D:3)
  An orc zombie (D:3)
  3 rats
241 creatures vanquished.

Vanquished Creatures (others)
  6 fungi
  8 plants
14 creatures vanquished.

Grand Total: 255 creatures vanquished

Notes
Turn   | Place    | Note
-------+----------+-------------------------------------------
     0 | D:1      | mhtbhm the Minotaur Berserker began the quest for the Orb.
     0 | D:1      | Reached XP level 1. HP: 19/19 MP: 0/0
    36 | D:1      | You fall into a shaft and drop 1 floor!
    43 | D:2      | Reached skill level 4 in Axes
    43 | D:2      | Reached XP level 2. HP: 16/27 MP: 1/1
   401 | D:2      | Reached XP level 3. HP: 27/33 MP: 2/2
   478 | D:2      | Found Ituguacare's Book Shoppe.
   844 | D:2      | Reached XP level 4. HP: 23/41 MP: 3/3
  1069 | D:2      | Reached ** piety under Trog
  1073 | D:2      | Reached skill level 5 in Axes
  2271 | D:3      | Reached XP level 5. HP: 22/47 MP: 4/4
  2274 | D:3      | Found a glowing golden altar of the Shining One.
  2275 | D:3      | Noticed Jessica
  2279 | D:3      | Noticed Terence
  2289 | D:3      | Killed Terence
  2292 | D:3      | Killed Jessica
  2299 | D:3      | Reached skill level 5 in Fighting
  2299 | D:3      | Reached skill level 6 in Axes
  2635 | D:3      | Reached *** piety under Trog
  2804 | D:3      | Reached XP level 6. HP: 53/56 MP: 5/5
  2871 | D:3      | Found a radiant altar of Vehumet.
  3057 | D:4      | Identified the +12 mace of Xyusouna {vorpal, Fragile +Inv
                  | rF- SInv}
  3925 | D:5      | Entered Level 5 of the Dungeon
  3929 | D:5      | Reached skill level 7 in Axes
  4006 | D:5      | Found a staircase to the Ecumenical Temple.
  4045 | D:5      | Found a glowing silver altar of Zin.
  4051 | D:5      | Found a shadowy altar of Dithmenos.
  4143 | D:5      | Noticed a sky beast
  4152 | D:5      | Killed a sky beast
  4153 | D:5      | Reached XP level 7. HP: 26/61 MP: 6/6
  4664 | D:5      | Reached skill level 8 in Axes
  4664 | D:5      | Reached skill level 1 in Stealth
  4854 | D:6      | Noticed a steam dragon
  4867 | D:6      | Killed a steam dragon
  5171 | D:6      | Reached skill level 9 in Axes
  5171 | D:6      | Reached XP level 8. HP: 69/69 MP: 7/7
  5449 | D:6      | Found a runed translucent door.
  5570 | D:6      | Reached **** piety under Trog
  5760 | D:6      | Noticed a two-headed ogre
  5771 | D:6      | Killed a two-headed ogre
  5772 | D:6      | Reached skill level 10 in Axes
  5772 | D:6      | Reached skill level 5 in Armour
  5772 | D:6      | Reached skill level 5 in Dodging
  5772 | D:6      | Reached XP level 9. HP: 23/78 MP: 8/8
  6285 | D:6      | Reached skill level 11 in Axes
  7071 | D:7      | Found a basalt altar of Yredelemnul.
  7284 | D:7      | Found a stormy altar of Qazlal.
  8108 | D:7      | Found a snail-covered altar of Cheibriados.
  8108 | D:7      | Found an iron altar of Okawaru.
  8268 | D:7      | Found a hide-covered altar of Uskayaw.
  8279 | D:7      | Reached skill level 12 in Axes
  8950 | D:8      | Reached XP level 10. HP: 88/88 MP: 9/9
  9251 | D:8      | Reached ***** piety under Trog
  9525 | D:8      | Found a bloodstained altar of Trog.
  9539 | D:8      | Found a shimmering blue altar of Sif Muna.
 10497 | D:9      | Found a staircase to the Lair.
 10572 | D:9      | Reached skill level 13 in Axes
 10582 | D:9      | Noticed a two-headed ogre
 10590 | D:9      | Killed a two-headed ogre
 10792 | D:9      | Found a hazy altar of Hepliaklqana.
 11289 | Lair:1   | Entered Level 1 of the Lair of Beasts
 11310 | Lair:1   | Noticed a cane toad
 11310 | Lair:1   | Noticed a seven-headed hydra
 11606 | Lair:1   | Killed a cane toad
 11836 | Lair:1   | HP: 3/138 [blink frog (5)]
 11837 | Lair:1   | Slain by a blink frog

Illustrated notes

Levels and vault maps discovered:
D:1:      matt_arrival_los_fun, layout_basic
D:2:      layout_basic, serial_shops, shop_statue, minmay_goblin_kobold_house
D:3:      layout_rooms, nicolae_tso_besieged_by_evil, marbit_many_paths,
          uniq_terence, uniq_jessica
D:4:      layout_loops_corners
D:5:      layout_basic, lemuel_tele_altar, nicolae_dithmenos_the_darkroom,
          minmay_temple_entry_arrows, minmay_misc_feat_square
D:6:      layout_loops_corners, kennysheep_crisscross, lightli_church_of_beogh
D:7:      layout_gridville, lemuel_round_altar,
          nicolae_yredelemnul_corpse_copse,
          nicolae_uskayaw_murder_on_the_dancefloor,
          gammafunk_temple_overflow_elements, nrook_uturn
D:8:      layout_basic, nzn_overflow_gifts_of_might_and_magic, dk_noncrumbling_4
D:9:      layout_roguey, amcnicky_altar_gilded, dpeg_oklobed_lair
Lair:1:   layout_roguey, cheibrodos_lair_reptile_den

Skill      XL: |  1  2  3  4  5  6  7  8  9 10 |
---------------+-------------------------------+-----
Axes           | 4 5 6 7 9 10 12 13 | 13.9
Fighting       | 4 5 6 8 9 |  9.7
Dodging        | 3 4 5 6 7 |  7.0
Armour         | 3 4 5 6 7 |  7.0
Stealth        | 1 2 3 |  3.9
Throwing       | |  0.1

Action                   |  1- 3 |  4- 6 |  7- 9 | 10-12 || total
-------------------------+-------+-------+-------+-------++-------
Melee: Hand axe          |    43 |    76 |   198 |    34 ||   351
       Headbutt          |     6 |    18 |    50 |    24 ||    98
       War axe           |       |    59 |    48 |    88 ||   195
Throw: Dart              |       |       |       |     1 ||     1
Invok: Berserk           |     2 |     1 |     9 |     4 ||    16
  Use: Potion            |       |     1 |       |       ||     1
       Scroll            |       |       |       |     9 ||     9
 Stab: Sleeping          |       |       |     1 |     3 ||     4
Armor: Leather armour    |    12 |    38 |    55 |    28 ||   133
       Animal skin       |     1 |       |       |       ||     1
       Scale mail        |       |       |       |    10 ||    10
Dodge: Dodged            |    35 |    90 |   129 |    78 ||   332

Table legend: (Time is in decaauts)
 A = Elapsed time spent in this place.
 B = Non-inter-level travel time spent in this place.
 C = Inter-level travel time spent in this place.
 D = Time resting spent in this place.
 E = Time spent auto-exploring this place.
 F = Levels seen in this place.
 G = Mean time per level.
                   A        B        C        D        E       F      G
               +--------+--------+--------+--------+--------+-----+--------+
         Total |  11918 |  11799 |    119 |   3000 |   7156 |  10 | 1191.8 |
       Dungeon |  11365 |  11246 |    119 |   2543 |   7130 |   9 | 1262.8 |
          Lair |    552 |    552 |      0 |    457 |     26 |   1 |  552.0 |
               +--------+--------+--------+--------+--------+-----+--------+

Top non-repeatable levels by time:
     D:7: 2258 daAuts
     D:6: 1811 daAuts
     D:2: 1544 daAuts
     D:8: 1403 daAuts
     D:9: 995 daAuts
     D:5: 931 daAuts
     D:4: 879 daAuts
     D:3: 873 daAuts
     D:1: 668 daAuts
  Lair:1: 552 daAuts
